AoeStats
← TheQuietRiot

Arabia

507137104Analyzed
1v1 RM · 16d ago on Sep 16, 2026· 56m 10s· 2 players
Game mode
Random Map
Map size
Tiny (2 player)
Population
200
Speed
Normal
Resources
Standard
Victory
Conquest
Starting age
Dark Age
Ending age
Imperial Age
RankedLock teamsTeams togetherTeam positionsShared explorationLock speedFull tech treeHidden civsTurbo modeCheats
Victory
Defeat
🇬🇧 Britons · United Kingdom
998
+17
🇪🇸 Hindustanis · Spain
1016
-17
TheQuietRiot
9:54 Feudal Age
8:37 Loom
10:45 Double-Bit Axe
11:41 Horse Collar
20:28 Castle Age
18:26 Gold Mining
18:27 Stone Mining
20:44 Forging
20:38 Pikeman
21:19 Squires
22:16 Caravan
25:03 Scale Mail Armor
31:11 Fletching
35:08 Padded Archer Armor
38:37 Gold Shaft Mining
37:49 Light Cavalry
38:30 Husbandry
40:32 Wheelbarrow
40:11 Bow Saw
41:23 Ballistics
41:01 Bodkin Arrow
43:47 Iron Casting
43:27 Chain Mail Armor
45:46 Leather Archer Armor
47:15 Hand Cart
50:49 Imperial Age
48:11 Gambesons
48:14 Arson
50:09 Yeomen
49:42 Town Watch
51:17 Heavy Plow
51:57 Conscription
53:48 Warwolf
54:23 Bracer
55:25 Blast Furnace
55:41 Two-Man Saw
55:50 Chemistry
54:59 Siege Engineers
56:01 Ring Archer Armor
DarthHugo96
6:46 Loom
9:05 Feudal Age
13:30 Town Watch
17:47 Wheelbarrow
20:26 Castle Age
24:49 Fletching
25:31 Bloodlines
27:11 Man-at-Arms
27:55 Elite Skirmisher
28:36 Long Swordsman
37:31 Thumb Ring
39:07 Bodkin Arrow
39:13 Padded Archer Armor
41:11 Leather Archer Armor
45:16 Husbandry
45:26 Scale Barding Armor
50:36 Imperial Age
49:26 Light Cavalry
52:31 Chemistry
52:43 Bracer
53:16 Ring Archer Armor
54:43 Chain Barding Armor
Connection lost

Rejoining the realm…

Still unreachable

The connection could not be restored.

Session expired

The server has moved on; the page needs a fresh start.